Map: Abyssal Reef LE

Players

Manon - Winner!

  • Race: Zerg Zerg
  • League: Silver
  • Spawn Location: 5:00

iPlayDefense

  • Race: Terran Terran
  • League: Silver
  • Spawn Location: 11:00

VOD

Have the link to the VOD?

Description

Time

  • Played on: April 17, 2025, 6:33 a.m.
  • Length: 3:03
Show
View Real Time Build Order
Export as new Build Order

Manon Zerg - Winner!

Build Orders: Hatch First 

Get SALT Encoding   

  12  0:02  Drone  
  13  0:12  Overlord  
  13  0:17  Drone  
  14  0:30  Drone x2  
  14  0:35  Drone  
  17  0:56  Drone  
  18  1:00  Hatchery  
  17  1:16  Spawning Pool, Extractor  
  15  1:30  Drone x3  
  18  2:07  Queen  
  18  2:08  Zergling x4  
  22  2:10  Overlord  
  22  2:13  Queen  
  22  2:14  Drone  
  25  2:21  Extractor  
  24  2:24  Drone  
  25  2:50  Drone  
  25  2:51  Drone  
Show
View Real Time Build Order
Export as new Build Order

iPlayDefense Terran 

Build Orders:  

Get SALT Encoding   

  12  0:01  SCV  
  13  0:18  Supply Depot  
  13  0:20  SCV  
  14  0:32  SCV  
  15  0:44  SCV  
  15  0:48  Barracks  
  16  0:56  SCV  
  17  1:00  Refinery  
  17  1:08  SCV  
  18  1:20  SCV  
  19  1:42  Marine  
  20  1:59  Orbital Command, Marine  
  20  2:27  Barracks Reactor  
  20  2:32  Supply Depot  
  20  2:43  Command Center  
  20  2:48  SCV  
Tags
 
Matchup
TvZ
Replay Pack
DaveSC2
Spawn Locations
Cross Positions
Add a new tag
Caveats
  • Supply blocks, unpowered buildings, or Contaminate may cause inaccurate times.
  • Supply counts are checked every 10 seconds.